 Dungeon Crawl Stone Soup version 0.19-a0-330-g034cfd4 (webtiles) character file.

221 mistymad the Sneak (level 5, -14/38 HPs)
             Began as a Vampire Enchanter on May 28, 2016.
             Was an Initiate of Ashenzari.
             Demolished by an ogre
             ... wielding a +0 giant spiked club
              (25 damage)
             ... on level 3 of the Dungeon.
             The game lasted 00:10:38 (5039 turns).

mistymad the Sneak (Vampire Enchanter)              Turns: 5039, Time: 00:10:40

Health: -14/38     AC:  6    Str:  7    XL:     5   Next: 65%
Magic:  9/9        EV: 13    Int: 17    God:    Ashenzari [......]
Gold:   184        SH:  0    Dex: 16    Spells: 4 memorised, 0 levels left

rFire  . . .     SeeInvis +     a - +1 dagger
rCold  + . .     Gourm    .     b - +1 robe
rNeg   + + .     Faith    .     (no shield)
rPois  +         Spirit   .     r - +1 hat
rElec  .         Dismiss  .     j - +0 cloak
rCorr  .         Reflect  .     q - +0 pair of gloves
SustAt +         Harm     .     (no boots)
MR     .....                    (no amulet)
Stlth  ++........               (no ring)
                                i - ring of sustain attributes

@: regenerating slowly, not resistant to hostile enchantments, unstealthy
A: fangs 3, see invisible, unbreathing
a: Bat Form, Curse Item, Renounce Religion


You were on level 3 of the Dungeon.
You worshipped Ashenzari.
Ashenzari was noncommittal.
You were very thirsty.

You visited 1 branch of the dungeon, and saw 4 of its levels.

You collected 184 gold pieces.

Inventory:

Hand Weapons
 a - a +1 dagger (weapon)
Armour
 b - a +1 robe (worn)
 j - a +0 cloak (worn)
 q - a +0 pair of gloves (worn)
 r - a +1 hat (worn)
Jewellery
 i - a ring of sustain attributes (left hand)
Scrolls
 e - a scroll of amnesia {unknown}
 f - a scroll of noise {unknown}
 h - a scroll of teleportation {unknown}
 l - 4 scrolls of identify {unknown}
 m - 3 scrolls of enchant armour {unknown}
 s - a scroll of recharging {unknown}
Potions
 d - 3 potions of blood
 g - a potion of agility {unknown}
 k - a potion of heal wounds {unknown}
 n - 2 potions of curing {unknown}
 o - a potion of beneficial mutation {unknown}
 p - 2 potions of ambrosia {unknown}
Books
 c - a book of Maledictions

   Spells                             Type                      Level
   a - Corona                         Hexes                        1
   b - Ensorcelled Hibernation        Hexes/Ice                    2
   c - Confuse                        Hexes                        3
   d - Tukima's Dance                 Hexes                        3
   e - Dazzling Spray                 Conjuration/Hexes            3


   Skills:
 * Level 2.2 Fighting
 + Level 2.4 Short Blades
 + Level 3.0 Dodging
 + Level 6.3 Stealth
 + Level 2.6 Spellcasting
 + Level 5.0 Hexes


You couldn't memorise any spells.
You knew the following spells:

 Your Spells              Type           Power        Failure   Level  Hunger
a - Corona                Hex            ###....      2%          1    #......
b - Ensorcelled Hibernat  Hex/Ice        ##....       12%         2    ##.....
c - Confuse               Hex            ###.....     10%         3    ###....
d - Tukima's Dance        Hex            ###.....     10%         3    ###....


Dungeon Overview and Level Annotations

Branches:
Dungeon (4/15)
 Temple: D:4-7

Altars:
Ashenzari
Qazlal
The Shining One


Innate Abilities, Weirdness & Mutations

You heal slowly.
You have razor-sharp teeth.
You have supernaturally acute eyesight. (SInv)
You can survive without breathing.


Message History

The ogre hits you with a giant spiked club!!
Ouch! That really hurt!
* * * LOW HITPOINT WARNING * * *
There is a stone staircase leading down here.
Unknown command.
You take 30 damage, and have 8/38 hp.
MASSIVE DAMAGE!!
The ogre misses you.
There is a stone staircase leading down here.
A goblin comes into view. It is wielding a club.
There is a stone staircase leading down here.
You enter the shallow water.
Moving in this stuff is going to be slow.
You enter the shallow water.
Moving in this stuff is going to be slow.
The goblin unwields an uncursed club.
The goblin wields a hunting sling.
The goblin shoots a stone.
The stone misses you.
You hear a splash.
The ogre hits you with a giant spiked club!!
Ouch! That really hurt!
You die...

#####.....#.#.......<...#.....###
##.⌠._#.#.#.###§..§......>...
#..%.#.#.#...§...§..........
##..##.#...≈§§P§....####.##.
#####.#.P≈≈g§§.§.#<........
#.##.≈≈≈§§§####.###..#.
#....≈≈≈§............#.
####P≈≈.≈P#####.###..#. #P.@O..#
#.#...>#. ######## #.#.####.
#.#...... #.####### #........
#########


You could see an ogre and a goblin.

Vanquished Creatures
  A scorpion (D:3)
  A worker ant zombie (D:3)
  6 adders
  2 oozes (D:1)
  An adder zombie (D:3)
  2 worms (D:2)
  5 dart slugs
  3 giant geckos
  2 orcs (D:3)
  9 bats
  3 giant cockroaches
  8 hobgoblins
  2 jackals (D:1)
  A quokka (D:2)
  A ball python (D:2)
  2 ball python skeletons (D:3)
  A giant cockroach zombie (D:3)
  6 giant newts
  7 goblins
  A jackal skeleton (D:3)
  5 kobolds
  15 rats
84 creatures vanquished.

Notes
Turn   | Place    | Note
--------------------------------------------------------------
     0 | D:1      | mistymad the Vampire Enchanter began the quest for the Orb.
     0 | D:1      | Reached XP level 1. HP: 13/13 MP: 3/3
   307 | D:1      | Reached XP level 2. HP: 17/19 MP: 5/5
   337 | D:1      | Reached skill level 5 in Stealth
   753 | D:1      | Reached XP level 3. HP: 25/25 MP: 6/6
  1110 | D:2      | Learned a level 2 spell: Ensorcelled Hibernation
  1125 | D:2      | Reached skill level 1 in Fighting
  1573 | D:2      | Learned a level 3 spell: Confuse
  2187 | D:2      | Reached XP level 4. HP: 32/32 MP: 7/7
  3086 | D:3      | Reached XP level 5. HP: 37/38 MP: 5/8
  3120 | D:3      | Found a shattered altar of Ashenzari.
  3188 | D:3      | Became a worshipper of Ashenzari the Shackled
  3667 | D:3      | Reached skill level 6 in Stealth
  3807 | D:3      | Reached skill level 5 in Hexes
  3838 | D:3      | Found a glowing golden altar of the Shining One.
  3838 | D:3      | Found a stormy altar of Qazlal.
  4406 | D:4      | Noticed an ogre
  4411 | D:4      | Learned a level 3 spell: Tukima's Dance
  4422 | D:4      | HP: 1/38 [ogre/giant spiked club (22)]
  5039 | D:3      | Demolished by an ogre

Vault maps used:
D:1:      minmay_arrival_hallway
D:2:      wad_lake_hut, st_stairs_3
D:3:      evilmike_ruin_ashenzari, gammafunk_temple_overflow_pools,
          serial_undead, serial_undead_a, serial_undead_d, serial_undead_a,
          serial_undead_f, grunt_decor_one_mirror
D:4:      minmay_temple_entry_overgrown, first_bread

Skill      XL: |  1  2  3  4  5 |
---------------+----------------+-----
Stealth        | 5 6 |  6.3
Fighting       | 1 2 |  2.2
Short Blades   | 2 |  2.4
Hexes          | 5 |  5.0
Dodging        | 3 |  3.0
Spellcasting   | |  2.6

Action                   |  1- 3 |  4- 6 || total
-------------------------+-------+-------++-------
Melee: Dagger            |   154 |   163 ||   317
       Bite              |     8 |    16 ||    24
 Cast: Ensorcelled Hiber |     3 |     3 ||     6
       Confuse           |       |    10 ||    10
       Corona            |       |     1 ||     1
  Use: Potion            |       |     4 ||     4
 Stab: Sleeping          |    11 |    14 ||    25
       Confused          |       |     6 ||     6
       Distracted        |       |     1 ||     1
Armor: Robe              |    36 |    34 ||    70
Dodge: Dodged            |    96 |    99 ||   195
